 Dungeon Crawl Stone Soup version 0.31-a0-174-g85c54bcb58 (webtiles) character file.

Game seed: 5107089874212172404

857 qw the Shooter (level 8, -2/73 HPs)
             Began as a Naga Hunter on June 15, 2023.
             Slain by Duvessa
             ... wielding a +0 short sword
              (7 damage)
             ... on level 5 of the Dungeon.
             The game lasted 00:01:37 (4163 turns).

qw the Shooter (Naga Hunter)                        Turns: 4163, Time: 00:01:38

Health: -2/73      AC:  5    Str: 14    XL:     8   Next: 2%
Magic:  8/8        EV: 10    Int: 10    God:
Gold:   239        SH:  5    Dex: 16    Spells: 7/7 levels left

rFire   . . .        Y - +2 shortbow (heavy)
rCold   . . .        (shield currently unavailable)
rNeg    . . .        c - +0 leather armour
rPois   +            e - +0 helmet
rElec   .            (no cloak)
rCorr   .            (no gloves)
SInv    +            (no barding)
Will    +....        j - amulet of reflection
Stlth   ++           (no ring)
HPRegen 0.32/turn    (no ring)
MPRegen 0.11/turn

%: reflection
@: short of breath, very slow
A: AC +2, large, see invisible, deformed body, poison resistance, slowness 2,
spit poison 1, naga tail 1
a: Spit Poison


You were on level 5 of the Dungeon.
You visited 1 branch of the dungeon, and saw 5 of its levels.

You collected 239 gold pieces.


Innate Abilities, Weirdness & Mutations

Your serpentine skin is tough. (AC +2)
You have supernaturally acute eyesight. (SInv)
Armour fits poorly on your strangely shaped body.
Your system is resistant to poisons. (rPois)
You cover ground very slowly.
You can spit poison.
You have a snake-like lower body.


   Skills:
 - Level 4.6 Fighting
 + Level 7.6 Ranged Weapons
 - Level 2.4 Dodging
 - Level 1.5 Stealth


You had 7 spell levels left.
You didn't know any spells.
Your spell library was empty.

Inventory:

Hand Weapons
 Y - a +2 heavy shortbow (weapon)
Armour
 c - a +0 leather armour (worn)
 e - a +0 helmet (worn)
Jewellery
 j - an amulet of reflection (around neck)
Scrolls
 a - 2 scrolls of identify
 f - a scroll of noise {unknown}
Potions
 b - 2 potions of might
 d - 2 potions of mutation
 g - a potion of curing
 h - a potion of cancellation
 k - a potion of heal wounds

Dungeon Overview and Level Annotations

Branches:
Dungeon (5/15)
 Temple: D:4-7

Altars:
Fedhas

Shops:
D:3 =

Annotations:
D:5 Duvessa


Message History

Duvessa shouts!
Duvessa goes berserk!
You shoot an arrow. The arrow hits Duvessa!
Duvessa is heavily wounded.
Duvessa barely misses you.
You shoot an arrow. The arrow hits Duvessa.
Duvessa is heavily wounded.
Duvessa barely misses you. Duvessa hits you with a +0 short sword!
Duvessa hits you but does no damage.
You shoot an arrow. The arrow barely misses Duvessa.
Duvessa closely misses you. Duvessa hits you with a +0 short sword.
You shoot an arrow. The arrow hits Duvessa.
Duvessa is heavily wounded.
You have got your breath back.
You block Duvessa's attack. Duvessa closely misses you.
4158 ||| INVOKING Spit Poison.
Aiming: Spit Poison (1% risk of failure)
Press: ? - help, Shift-Dir - straight line, f/p - Duvessa The splash of poison hits Duvessa!
Duvessa is severely wounded.
Duvessa hits you but does no damage. Duvessa hits you with a +0 short sword.
You shoot an arrow.
The arrow hits Duvessa but does no damage.
Duvessa is severely wounded.
Duvessa hits you with a +0 short sword! x2
You shoot an arrow. The arrow barely misses Duvessa.
You have got your breath back.
Duvessa hits you with a +0 short sword! x2
4161 ||| INVOKING Spit Poison.
Aiming: Spit Poison (1% risk of failure)
Press: ? - help, Shift-Dir - straight line, f/p - Duvessa The splash of poison hits Duvessa!
Duvessa is almost dead.
Duvessa hits you but does no damage. Duvessa misses you.
You shoot an arrow. The arrow hits Duvessa.
Duvessa is almost dead.
You block Duvessa's attack. Duvessa barely misses you.
You shoot an arrow. The arrow completely misses Duvessa.
Duvessa hits you with a +0 short sword! x2
You die...

###........%.....##....
#####.#..###...#.##..
###........# ####.#....
#..#.......# #.#....
###.#..#...# #.#....
###.#...#.# #.##..
#.)..#....## ##....
#.###)......# ##.###. #
#...@.#....####......
#.#.#e......+.......#.
##.#..#.....# ##...##.
##..#.....## #.>.....
... .....# ##...### ###
##.# ..#.## ##.## #.#
## .+### #.####
##.###### ..# #.....
#...)<..#
#.#########.####


You could see Duvessa (berserk).

Vanquished Creatures
  2 black bears
  An ogre (D:4)
  Dowan (D:5)
  3 hounds
  2 orc priests (D:4)
  3 jellies
  2 iguanas
  An orc wizard (D:5)
  3 gnolls (D:5)
  5 adders
  A worm (D:2)
  5 dart slugs
  17 orcs
  5 bats
  14 endoplasms
  A giant cockroach (D:4)
  10 hobgoblins
  13 jackals
  2 quokkas
  9 ball pythons
  5 frilled lizards
  8 goblins
  17 kobolds
  4 rats
134 creatures vanquished.

Notes
Turn   | Place    | Note
-------+----------+-------------------------------------------
     0 | D:1      | qw the Naga Hunter began the quest for the Orb.
     0 | D:1      | Reached XP level 1. HP: 19/19 MP: 1/1
     0 | D:1      | 0 ||| qw: Version: 0.2-a-29-g511e9b1
     0 | D:1      | 0 ||| qw: Game counter: 5303
     0 | D:1      | 0 ||| qw: Always use a shield: true
     0 | D:1      | 0 ||| qw: God list: Okawaru
     0 | D:1      | 0 ||| qw: Allow faded altars: false
     0 | D:1      | 0 ||| qw: Do Orc after D:15 true
     0 | D:1      | 0 ||| qw: Do second Lair branch before Depths: true
     0 | D:1      | 0 ||| qw: Lair rune preference: random
     0 | D:1      | 0 ||| qw: Plans: Normal
     0 | D:1      | 0 ||| PLANNING D:1-11
    63 | D:1      | 63 ||| INVOKING Spit Poison.
    68 | D:1      | 68 ||| INVOKING Spit Poison.
    72 | D:1      | 72 ||| INVOKING Spit Poison.
    73 | D:1      | 73 ||| INVOKING Spit Poison.
   149 | D:1      | 149 ||| INVOKING Spit Poison.
   154 | D:1      | 154 ||| INVOKING Spit Poison.
   155 | D:1      | Reached skill level 4 in Ranged Weapons
   155 | D:1      | Reached XP level 2. HP: 22/26 MP: 2/2
   196 | D:1      | 196 ||| INVOKING Spit Poison.
   199 | D:1      | 199 ||| INVOKING Spit Poison.
   202 | D:1      | 202 ||| INVOKING Spit Poison.
   205 | D:1      | 205 ||| INVOKING Spit Poison.
   210 | D:1      | 210 ||| INVOKING Spit Poison.
   224 | D:1      | 224 ||| INVOKING Spit Poison.
   271 | D:1      | 271 ||| INVOKING Spit Poison.
   443 | D:1      | 443 ||| INVOKING Spit Poison.
   446 | D:1      | Reached XP level 3. HP: 32/32 MP: 3/3
   450 | D:1      | 450 ||| INVOKING Spit Poison.
   480 | D:1      | 480 ||| INVOKING Spit Poison.
   500 | D:1      | 500 ||| INVOKING Spit Poison.
   600 | D:1      | 600 ||| INVOKING Spit Poison.
   613 | D:1      | 613 ||| INVOKING Spit Poison.
   618 | D:1      | 618 ||| INVOKING Spit Poison.
   622 | D:1      | 622 ||| INVOKING Spit Poison.
   763 | D:1      | 763 ||| UPGRADING to +0 helmet.
   768 | D:1      | 768 ||| UPGRADING to amulet of reflection.
   773 | D:1      | 773 ||| READING scroll labelled ADAT ZORUE.
   774 | D:1      | 774 ||| READING scroll labelled TIDECWECUT.
   775 | D:1      | 775 ||| READING scroll labelled REUSSO URPHIRHI.
   776 | D:1      | 776 ||| DRINKING 2 silvery potions.
   777 | D:1      | 777 ||| DROPPING scroll of butterflies.
   778 | D:1      | 778 ||| DROPPING potion of enlightenment.
   814 | D:2      | 814 ||| INVOKING Spit Poison.
   832 | D:2      | 832 ||| INVOKING Spit Poison.
   854 | D:2      | 854 ||| INVOKING Spit Poison.
   857 | D:2      | 857 ||| INVOKING Spit Poison.
   904 | D:2      | 904 ||| INVOKING Spit Poison.
   942 | D:2      | 942 ||| INVOKING Spit Poison.
   948 | D:2      | 948 ||| INVOKING Spit Poison.
   957 | D:2      | 957 ||| INVOKING Spit Poison.
   987 | D:2      | 987 ||| INVOKING Spit Poison.
  1028 | D:2      | 1028 ||| INVOKING Spit Poison.
  1033 | D:2      | 1033 ||| INVOKING Spit Poison.
  1090 | D:2      | 1090 ||| INVOKING Spit Poison.
  1091 | D:2      | 1091 ||| INVOKING Spit Poison.
  1102 | D:2      | 1102 ||| INVOKING Spit Poison.
  1132 | D:2      | 1132 ||| INVOKING Spit Poison.
  1136 | D:2      | Reached skill level 5 in Ranged Weapons
  1136 | D:2      | Reached XP level 4. HP: 39/39 MP: 4/4
  1213 | D:2      | You fall into a shaft and drop 1 floor!
  1223 | D:3      | 1223 ||| INVOKING Spit Poison.
  1256 | D:3      | 1256 ||| INVOKING Spit Poison.
  1281 | D:3      | 1281 ||| DRINKING 2 fuming dark potions.
  1289 | D:3      | 1289 ||| FLEEEEING.
  1290 | D:3      | 1290 ||| STAIRDANCE
  1292 | D:2      | 1292 ||| INVOKING Spit Poison.
  1372 | D:2      | 1372 ||| INVOKING Spit Poison.
  1390 | D:2      | 1390 ||| INVOKING Spit Poison.
  1393 | D:2      | 1393 ||| INVOKING Spit Poison.
  1524 | D:2      | 1524 ||| INVOKING Spit Poison.
  1639 | D:2      | 1639 ||| INVOKING Spit Poison.
  1656 | D:2      | 1656 ||| Stepping ~*~*~tactically~*~*~ (outnumbered).
  1657 | D:2      | 1657 ||| INVOKING Spit Poison.
  1661 | D:2      | 1661 ||| INVOKING Spit Poison.
  1668 | D:2      | 1668 ||| INVOKING Spit Poison.
  1692 | D:2      | 1692 ||| INVOKING Spit Poison.
  1704 | D:2      | Reached skill level 3 in Fighting
  1704 | D:2      | Reached XP level 5. HP: 49/49 MP: 5/5
  1865 | D:2      | 1865 ||| READING 3 scrolls of identify.
  1865 | D:2      | 1865 ||| IDENTIFYING bubbling emerald potion
  1866 | D:2      | 1866 ||| READING 2 scrolls of identify.
  1866 | D:2      | 1866 ||| IDENTIFYING yellow potion
  1867 | D:2      | 1867 ||| DROPPING potion of attraction.
  1929 | D:3      | 1929 ||| INVOKING Spit Poison.
  1935 | D:3      | 1935 ||| INVOKING Spit Poison.
  1938 | D:3      | 1938 ||| STAIRDANCE
  1941 | D:2      | 1941 ||| INVOKING Spit Poison.
  2084 | D:3      | 2084 ||| INVOKING Spit Poison.
  2102 | D:3      | Found Segromam's Jewellery Shop.
  2108 | D:3      | 2108 ||| INVOKING Spit Poison.
  2126 | D:3      | 2126 ||| SHOPLISTING +6 ring of dexterity (468 gold, have
                  | 125).
  2126 | D:3      | 2126 ||| SHOPLISTING ring of positive energy (260 gold,
                  | have 125).
  2126 | D:3      | 2126 ||| SHOPLISTING ring of protection from cold (325
                  | gold, have 125).
  2126 | D:3      | 2126 ||| SHOPLISTING ring of protection from fire (325
                  | gold, have 125).
  2149 | D:3      | 2149 ||| INVOKING Spit Poison.
  2154 | D:3      | Reached XP level 6. HP: 51/56 MP: 6/6
  2248 | D:3      | 2248 ||| INVOKING Spit Poison.
  2251 | D:3      | 2251 ||| INVOKING Spit Poison.
  2281 | D:3      | 2281 ||| INVOKING Spit Poison.
  2368 | D:3      | 2368 ||| INVOKING Spit Poison.
  2395 | D:3      | 2395 ||| INVOKING Spit Poison.
  2446 | D:3      | 2446 ||| READING 2 scrolls of identify.
  2446 | D:3      | 2446 ||| IDENTIFYING coppery potion
  2468 | D:4      | 2468 ||| Stepping ~*~*~tactically~*~*~ (outnumbered).
  2469 | D:4      | 2469 ||| INVOKING Spit Poison.
  2474 | D:4      | 2474 ||| INVOKING Spit Poison.
  2475 | D:4      | Reached skill level 6 in Ranged Weapons
  2475 | D:4      | 2475 ||| FLEEEEING.
  2479 | D:4      | 2479 ||| INVOKING Spit Poison.
  2631 | D:4      | 2631 ||| INVOKING Spit Poison.
  2646 | D:4      | 2646 ||| INVOKING Spit Poison.
  2655 | D:4      | Noticed a black bear
  2657 | D:4      | 2657 ||| INVOKING Spit Poison.
  2663 | D:4      | 2663 ||| INVOKING Spit Poison.
  2663 | D:4      | Killed a black bear
  2759 | D:4      | 2759 ||| INVOKING Spit Poison.
  2799 | D:4      | 2799 ||| INVOKING Spit Poison.
  2814 | D:4      | Reached XP level 7. HP: 66/66 MP: 7/7
  2814 | D:4      | 2814 ||| INVOKING Spit Poison.
  2818 | D:4      | 2818 ||| INVOKING Spit Poison.
  3019 | D:4      | 3019 ||| INVOKING Spit Poison.
  3058 | D:4      | 3058 ||| INVOKING Spit Poison.
  3062 | D:4      | 3062 ||| INVOKING Spit Poison.
  3215 | D:4      | 3215 ||| INVOKING Spit Poison.
  3220 | D:4      | 3220 ||| INVOKING Spit Poison.
  3273 | D:4      | 3273 ||| INVOKING Spit Poison.
  3334 | D:4      | 3334 ||| INVOKING Spit Poison.
  3337 | D:4      | Found a blossoming altar of Fedhas.
  3341 | D:4      | 3341 ||| INVOKING Spit Poison.
  3347 | D:4      | 3347 ||| INVOKING Spit Poison.
  3351 | D:4      | 3351 ||| INVOKING Spit Poison.
  3354 | D:4      | HP: 15/66 [orc/+1 falchion of electrocution (5)]
  3357 | D:4      | HP: 7/66 [orc/+1 falchion of electrocution (4)]
  3358 | D:4      | 3358 ||| INVOKING Spit Poison.
  3599 | D:4      | 3599 ||| READING scroll labelled WACWAE CURE.
  3603 | D:4      | 3603 ||| READING scroll labelled YJOZ XUOPHIO.
  3704 | D:4      | 3704 ||| READING scroll labelled OJIUNEHOLUD.
  3705 | D:4      | 3705 ||| READING 3 scrolls of identify.
  3705 | D:4      | 3705 ||| IDENTIFYING fizzy silvery potion
  3718 | D:5      | Entered Level 5 of the Dungeon
  3719 | D:5      | 3719 ||| INVOKING Spit Poison.
  3722 | D:5      | 3722 ||| STAIRDANCE
  3767 | D:5      | 3767 ||| INVOKING Spit Poison.
  3769 | D:5      | 3769 ||| STAIRDANCE
  3830 | D:5      | 3830 ||| INVOKING Spit Poison.
  3879 | D:5      | 3879 ||| INVOKING Spit Poison.
  3883 | D:5      | Reached skill level 7 in Ranged Weapons
  3883 | D:5      | 3883 ||| INVOKING Spit Poison.
  3887 | D:5      | 3887 ||| INVOKING Spit Poison.
  4039 | D:5      | 4039 ||| INVOKING Spit Poison.
  4046 | D:5      | 4046 ||| INVOKING Spit Poison.
  4057 | D:5      | 4057 ||| READING scroll of enchant weapon.
  4057 | D:5      | 4057 ||| ENCHANTING +1 heavy shortbow.
  4060 | D:5      | 4060 ||| INVOKING Spit Poison.
  4061 | D:5      | 4061 ||| Stepping ~*~*~tactically~*~*~ (outnumbered).
  4066 | D:5      | 4066 ||| INVOKING Spit Poison.
  4070 | D:5      | 4070 ||| INVOKING Spit Poison.
  4144 | D:5      | 4144 ||| INVOKING Spit Poison.
  4145 | D:5      | Noticed Dowan
  4148 | D:5      | 4148 ||| INVOKING Spit Poison.
  4148 | D:5      | Killed Dowan
  4149 | D:5      | Reached XP level 8. HP: 73/73 MP: 8/8
  4152 | D:5      | Noticed Duvessa
  4153 | D:5      | 4153 ||| INVOKING Spit Poison.
  4158 | D:5      | 4158 ||| INVOKING Spit Poison.
  4161 | D:5      | 4161 ||| INVOKING Spit Poison.
  4163 | D:5      | HP: 5/73 [Duvessa/+0 short sword (16)]
  4163 | D:5      | Slain by Duvessa

Levels and vault maps discovered:
D:1:      roderic_chinese_lattice_arrival, layout_basic, minmay_circled_x
D:2:      cheibrodos_fertilizer, layout_basic, minmay_diced_spiral
D:3:      layout_loops_cross, serial_shops, nicolae_shop_trees,
          grunt_decor_one_mirror
D:4:      layout_basic, fedhas_altar_3
D:5:      layout_loops_corners, minmay_increasing_density, uniq_duvessa

Skill      XL: |  1  2  3  4  5  6  7 |
---------------+----------------------+-----
Ranged Weapons | 4 5 6 7 |  7.6
Fighting       | 3 4 |  4.6
Dodging        | 2 |  2.4
Stealth        | |  1.5

Action                     |  1- 3 |  4- 6 |  7- 9 || total
---------------------------+-------+-------+-------++-------
   Fire: Shortbow          |    80 |   134 |    67 ||   281
Ability: Spit Poison       |    34 |    32 |    29 ||    95
    Use: Scroll            |     3 |     3 |     5 ||    11
         Potion            |     1 |     1 |       ||     2
 Armour: Leather armour    |    11 |    27 |    13 ||    51
  Dodge: Dodged            |    28 |    21 |    26 ||    75
  Block: Other             |     1 |    14 |    10 ||    25
         Reflection        |       |     1 |     1 ||     2

Table legend:
 A = Non-vault XP
 B = Vault XP
 C = Vault XP percentage of total XP
 D = Non-vault monster count
 E = Vault monster count
 F = Vault count percentage of total count
                 A         B        C        D         E       F
            +---------+---------+-------+---------+---------+-------
      Total |     949 |     276 |  22.5 |     105 |      29 |  21.6
            +---------+---------+-------+---------+---------+-------
        D:1 |      46 |       6 |  11.5 |      24 |       4 |  14.3
        D:2 |      72 |     115 |  61.5 |      26 |      20 |  43.5
        D:3 |      92 |       0 |   0.0 |      20 |       0 |   0.0
        D:4 |     478 |       0 |   0.0 |      26 |       0 |   0.0
        D:5 |     261 |     155 |  37.3 |       9 |       5 |  35.7
            +---------+---------+-------+---------+---------+-------
